 Dungeon Crawl Stone Soup version 0.28.0-53-g5a82cb258f (webtiles) character file.

Game seed: 10475946419368929241

153 mortz the Conjurer (level 5, -5/25 HPs)
             Began as a Kobold Conjurer on Aug 21, 2022.
             Was a Follower of Hepliaklqana.
             Killed from afar by a steam dragon (13 damage)
             ... with a ball of steam
             ... on level 3 of the Dungeon.
             The game lasted 00:14:37 (4158 turns).

mortz the Conjurer (Kobold Conjurer)                Turns: 4158, Time: 00:14:37

Health: -5/25      AC:  3    Str:  5    XL:     5   Next: 61%
Magic:  4/9        EV: 15    Int: 21    God:    Hepliaklqana [*.....]
Gold:   154        SH:  0    Dex: 13    Spells: 3/10 levels left

rFire   . . .      SeeInvis .   a - +0 dagger {short}
rCold   . . .      Faith    .   (no shield)
rNeg    . . .      Spirit   .   q - +0 robe
rPois   .          Reflect  .   (no helmet)
rElec   .          Harm     .   i - +0 cloak
rCorr   +          Rampage  .   (no gloves)
Will    .....                   (no boots)
Stlth   +++.......              (no amulet)
HPRegen 0.08/turn               e - ring of resist corrosion
MPRegen 0.11/turn               (no ring)

@: no status effects
A: reduced essence, small, no large weapons, nightstalker 3
a: Renounce Religion, Recall Ancestor, Ancestor Identity


You were on level 3 of the Dungeon.
You worshipped Hepliaklqana.
Hepliaklqana was aware of your devotion.
You visited 1 branch of the dungeon, and saw 3 of its levels.

You collected 154 gold pieces.


Innate Abilities, Weirdness & Mutations

Your life essence is reduced to manifest your ancestor. (-10% HP)
You are small and have problems with some larger weapons.
You are completely attuned to the shadows.


   Skills:
 + Level 0.2 Fighting
 + Level 2.9 Dodging
 * Level 4.0 Stealth
 + Level 3.3 Spellcasting
 + Level 5.1 Conjurations
 * Level 0.9 Translocations


You had 3 spell levels left.
You knew the following spells:

 Your Spells              Type           Power      Damage    Failure   Level
a - Magic Dart            Conj           100%       1d8       1%          1
b - Searing Ray           Conj           50%        2d6       2%          2
c - Iskenderun's Mystic   Conj/Tloc      16%        2d5       36%         4

Your spell library contained the following spells:

 Spells                   Type           Power      Damage    Failure   Level
 Dazzling Flash           Conj/Hex       28%        N/A       14%         3
 Fulminant Prism          Conj/Hex       7%         3d7       41%         4

Inventory:

Hand Weapons
 a - a +0 dagger (weapon) {short}
   (You took it off a goblin on level 3 of the Dungeon)
 h - a +0 long sword {long}
   (You found it on level 2 of the Dungeon)
Armour
 i - a +0 cloak (worn)
   (You found it on level 2 of the Dungeon)
 n - the +3 scale mail of Experimentation {rN+ Int+3}
   (You took it off a gnoll on level 3 of the Dungeon)

   Int:       It affects your intelligence (+3).
   rN:        It protects you from negative energy.
 q - a +0 robe (worn)
Jewellery
 e - a ring of resist corrosion (left hand)
   (You found it on level 1 of the Dungeon)
Wands
 j - a wand of polymorph (12)
   (You found it on level 2 of the Dungeon)
 r - a wand of iceblast (13)
   (You found it on level 3 of the Dungeon)
Scrolls
 b - a scroll of noise {unknown}
 c - a scroll of enchant weapon {unknown}
 d - 2 scrolls of identify {@r1}
 f - a scroll of vulnerability {unknown}
 k - 2 scrolls of enchant armour {unknown}
 l - 2 scrolls of fear {unknown}
 m - a scroll of teleportation {unknown}
 p - a scroll of immolation {unknown}
Potions
 g - 2 potions of curing {@q1}
 o - a potion of haste {unknown}
 s - a potion of flight {unknown}

Dungeon Overview and Level Annotations

Branches:
Dungeon (3/15)

Altars:
Hepliaklqana

Annotations:
D:3 3 runed translucent doors, NotreDorf's ghost, amateur MfBe

..# #.......................[.#
..####................#######.#
##.......(............# #.#
##...)................# #.#
......................# #.#
.....#................# #.#
.....##########....... #.#
.....###########D##'#########.#
................@.............#
...............ยง..##.##########
...............ยง..##.#
...................#.##
...................#..#
####................#.#
#..............#.#.#
#..............#...#
####..............##..#


You could see a steam dragon (catching breath).


Message History

You swap places.
You see here a +0 chain mail.
A goblin comes into view. It is wielding a +0 dagger.
The searing ray hits the goblin.
You kill the goblin! (Press . to maintain the ray.) ๐Ÿ˜Ž MP[-2]
You lost 2 mp, and now have 7/9 mp.
o - a bubbling pink potion;
p - a scroll labelled PEBEHI FEIZANO You see here a +0 dagger {short}.
q - a +0 dagger (weapon)
{short}
Okay, then.
Adjust (i)tems, (s)pells, or (a)bilities?
q - a +0 dagger (weapon)
{short} Adjust to which letter? (? for menu, Esc to quit)
a - a +0 dagger (weapon)
{short};
q - a +0 robe (worn)
An endoplasm comes into view.
The endoplasm moves out of view. ๐Ÿ˜Ž MP[+2]
Your mp is fully restored (9).
The searing ray hits the endoplasm!
You kill the endoplasm! (Press . to maintain the ray.) ๐Ÿ˜Ž MP[-2]
You lost 2 mp, and now have 7/9 mp.
Found a stone staircase leading down. ๐Ÿ˜Ž MP[+2]
Your mp is fully restored (9).
r - a wand of iceblast (13)
You enter the shallow water.
Moving in this stuff is going to be slow.
You swap places.
s - a metallic black potion
Found an escape hatch in the ceiling.
You swap places.
A dart slug comes into view.
The helpless dart slug fails to defend itself.
You puncture the dart slug!
You kill the dart slug!
You enter the shallow water.
Moving in this stuff is going to be slow.
You open the door.
Found a faded altar of an unknown god.
There is an open door here.
You swap places.
There is an open door here.
The kobold shouts!
You hear a shout!
NotreDorf's ghost turns its malevolent gaze towards you.
You hear a shout! x3
You swap places.
NotreDorf's ghost says, "One skewered Kobold, coming right up."
There is an open door here.
There is a faded altar of an unknown god here.
There is an open door here.
There is an escape hatch in the floor here.
The kobold shouts! x4; You hear a shout! x2
NotreDorf's ghost turns its malevolent gaze towards you.
The kobold shouts!
You hear a shout!
The helpless steam dragon fails to defend itself.
You puncture the steam dragon!
The steam dragon bites you but does no damage.
The steam dragon claws you but does no damage.
You swap places.
Glurtz barely misses the steam dragon.
The steam dragon bites glurtz.
The steam dragon claws glurtz.
Casting: Searing Ray (safe; 2% risk of failure)
Confirm with . or Enter, or press ? or * to list all spells.
Aiming: Searing Ray (safe; 2% risk of failure)
Press: ? - help, Shift-Dir - straight line, f - steam dragon
Aim: a steam dragon (moderately wounded, ally target, 79% to hit)
Glurtz avoids your attack.
The searing ray hits the steam dragon. (Press . to maintain the ray.) Glurtz hits the steam dragon.
The steam dragon bites glurtz.
The steam dragon claws glurtz but does no damage. ๐Ÿ˜Ž MP[-2]
You lost 2 mp, and now have 7/9 mp.
Glurtz avoids your attack.
The searing ray hits the steam dragon.
Glurtz hits the steam dragon but does no damage.
The steam dragon breathes steam at you.
The ball of steam hits glurtz.
Glurtz resists.
Glurtz is destroyed!
The ball of steam hits you! ๐Ÿ˜ฎ HP[-11] MP[-1]
You take 11 damage, and now have 14/25 hp.
MASSIVE DAMAGE!! (PAUSE)
You lost 1 mp, and now have 6/9 mp.
The searing ray hits the steam dragon.
You are engulfed in a cloud of scalding steam.
* * * LOW HITPOINT WARNING * * *
๐Ÿ˜จ HP[-6] MP[-1]
You take 6 damage, and now have 8/25 hp.
MASSIVE DAMAGE!! (PAUSE)
You lost 1 mp, and now have 5/9 mp.
The searing ray hits the steam dragon but does no damage.
You finish channelling your searing ray.
You are engulfed in a cloud of scalding steam.
The steam dragon breathes steam at you. The ball of steam hits you!
Ouch! That really hurt!
You die...

Skill      XL: |  1  2  3  4  5 |
---------------+----------------+-----
Stealth        | 3 4 |  4.0
Conjurations   | 5 |  5.1
Spellcasting   | 3 |  3.3
Fighting       | |  0.2
Dodging        | |  2.9
Translocations | |  0.9

Action                   |  1- 3 |  4- 6 || total
-------------------------+-------+-------++-------
Melee: Club              |     7 |     3 ||    10
       Dagger            |       |     2 ||     2
       Long sword        |       |     1 ||     1
 Cast: Magic Dart        |     9 |     2 ||    11
       Searing Ray       |    27 |    33 ||    60
Invok: Ancestor Identity |       |     1 ||     1
  Use: Scroll            |       |     1 ||     1
 Stab: Sleeping          |       |     3 ||     3
Armor: Robe              |     4 |     4 ||     8
Dodge: Dodged            |     9 |     9 ||    18

Levels and vault maps discovered:
D:1:      dpeg_arrival_leaves_temple_mockup, layout_basic
D:2:      layout_loops_ring, basic_altar, kennysheep_generic_room_7
D:3:      layout_basic, nicolae_ecumenical_lake_church,
          gammafunk_ghost_nasty_kobolds

Notes
Turn   | Place    | Note
-------+----------+-------------------------------------------
     0 | D:1      | mortz the Kobold Conjurer began the quest for the Orb.
     0 | D:1      | Reached XP level 1. HP: 10/10 MP: 3/3
     0 | D:1      | magus.rc [v1.9.6]
   168 | D:1      | Reached XP level 2. HP: 15/15 MP: 3/5
   171 | D:1      | Learned a level 2 spell: Searing Ray
   682 | D:1      | Reached skill level 3 in Stealth
   682 | D:1      | Reached XP level 3. HP: 19/19 MP: 1/6
  1610 | D:2      | Noticed a black bear
  1708 | D:2      | Reached XP level 4. HP: 24/24 MP: 4/8
  1713 | D:2      | Learned a level 4 spell: Iskenderun's Mystic Blast
  2138 | D:2      | Reached skill level 5 in Conjurations
  2258 | D:2      | Reached skill level 3 in Spellcasting
  2467 | D:2      | Found a hazy altar of Hepliaklqana.
  2472 | D:2      | Became a worshipper of Hepliaklqana the Forgotten
  2752 | D:2      | Reached XP level 5. HP: 28/28 MP: 4/9
  2934 | D:3      | Found a runed translucent gate.
  2935 | D:3      | Noticed a kobold brigand
  2936 | D:3      | Found a runed translucent gate.
  2936 | D:3      | Noticed NotreDorf's ghost (amateur MfBe)
  2938 | D:3      | Found a runed translucent gate.
  3188 | D:3      | Identified the +3 scale mail of Experimentation {rN+ Int+3}
  3189 | D:3      | Reached skill level 4 in Stealth
  3635 | D:3      | Reached * piety under Hepliaklqana
  3638 | D:3      | Noticed a steam dragon
  3856 | D:3      | Found a faded altar of an unknown god.
  4158 | D:3      | Killed from afar by a steam dragon

Vanquished Creatures
  4 gnolls
  4 adders
  A worm (D:2)
  3 dart slugs
  An orc (D:2)
  5 ball pythons
  6 endoplasms
  A giant cockroach (D:1)
  5 goblins
  4 hobgoblins
  14 jackals
  2 quokkas
  7 bats
  3 frilled lizards
  A kobold (D:2)
  7 rats
68 creatures vanquished.

Vanquished Creatures (others)
  An ancestor (D:3)
1 creature vanquished.

Grand Total: 69 creatures vanquished

Table legend:
 A = Non-vault XP
 B = Vault XP
 C = Vault XP percentage of total XP
 D = Non-vault monster count
 E = Vault monster count
 F = Vault count percentage of total count
                 A         B        C        D         E       F
            +---------+---------+-------+---------+---------+-------
      Total |     214 |       5 |   2.3 |      66 |       2 |   2.9
            +---------+---------+-------+---------+---------+-------
        D:1 |      62 |       0 |   0.0 |      29 |       0 |   0.0
        D:2 |      73 |       5 |   6.4 |      21 |       2 |   8.7
        D:3 |      79 |       0 |   0.0 |      16 |       0 |   0.0
            +---------+---------+-------+---------+---------+-------

Illustrated notes

Table legend:
 A = Kills in this place as a percentage of kills in entire the game.
 B = Kills by you in this place as a percentage of kills by you in the entire game.
 C = Kills by friends in this place as a percentage of kills by friends in the entire game.
 D = Other kills in this place as a percentage of other kills in the entire game.
 E = Experience gained in this place as a percentage of experience gained in the entire game.
 F = Experience gained in this place divided by the number of levels of this place that you have seen.
                   A       B       C       D       E      F
               +-------+-------+-------+-------+-------+----------------------
         Total | 100.0 | 100.0 |   N/A |   N/A | 100.0 |  73.0
       Dungeon | 100.0 | 100.0 |   N/A |   N/A | 100.0 |  73.0
               +-------+-------+-------+-------+-------+----------------------

Table legend: (Time is in decaauts)
 A = Elapsed time spent in this place.
 B = Non-inter-level travel time spent in this place.
 C = Inter-level travel time spent in this place.
 D = Time resting spent in this place.
 E = Time spent auto-exploring this place.
 F = Levels seen in this place.
 G = Mean time per level.
                   A        B        C        D        E       F      G
               +--------+--------+--------+--------+--------+-----+--------+
         Total |   4161 |   4070 |     91 |     88 |   3373 |   3 | 1387.0 |
       Dungeon |   4161 |   4070 |     91 |     88 |   3373 |   3 | 1387.0 |
               +--------+--------+--------+--------+--------+-----+--------+

Top non-repeatable levels by time:
     D:2: 1483 daAuts
     D:1: 1433 daAuts
     D:3: 1243 daAuts
